 Dungeon Sprint DCSS version 0.30-a0-374-g95c0257040 (webtiles) character file.

Game seed: 11052007260850900147

193065 rocky1 the Timeless (level 18, -7/171 HPs)
             Began as a Gnoll Warper on Nov 26, 2022.
             Was a High Priest of Cheibriados.
             Killed from afar by a hellion (23 damage)
             ... with damnation
             ... summoned by Asmodeus
             ... in the Dungeon (Sprint VII: "The Pits") on Nov 27, 2022.
             The game lasted 00:56:53 (9720 turns).

rocky1 the Timeless (Gnoll Warper)                  Turns: 9720, Time: 00:56:55

Health: -7/171     AC: 25    Str: 28      XL:     18   Next: 25%
Magic:  14/45      EV: 37    Int: 35      God:    Cheibriados [*****.]
Gold:   144        SH:  0    Dex: 29 (30) Spells: 11/63 levels left

rFire   + + +      SeeInvis .    D - +8 lajatang (elec)
rCold   + + +      Faith    .    (shield currently unavailable)
rNeg    + + .      Spirit   .    f - +4 troll leather armour {Snorg}
rPois   +          Reflect  .    U - +2 helmet
rElec   +          Harm     .    q - +0 cloak
rCorr   +          Rampage  .    r - +2 pair of gloves
Will    .....      Clarity  +    w - +1 pair of boots
Stlth   ++++++++++ NoTele   +    c - amulet of Ystoiroh {Contam rC++ rN+ Regen+}
HPRegen 2.08/turn                S - ring of Hepliaklqana, Sharing {rPois rF++ rN+ Will- Stlth+}
MPRegen 0.29/turn                t - ring of Hayrch {Contam rElec Str+3 Int+6 Slay+3}

@: resistant, very slow
A: fangs 1, strong nose, distributed training, clarity, clever 1, deterioration
1
}: 1/3 runes: silver
a: Renounce Religion, Bend Time, Temporal Distortion, Slouch, Step From Time


You were in the Dungeon.
You worshipped Cheibriados.
Cheibriados was extremely pleased with you.
You visited 1 branch You collected 144 gold pieces.

Inventory:

Hand Weapons
 a - a +2 arbalest of flaming
 b - the +6 morningstar of Heeti {freeze, Dex+4}
   (You took it off a death knight in the Dungeon)

   It freezes those it strikes, dealing additional cold damage.
   It can also slow down cold-blooded creatures.
   Dex:       It affects your dexterity (+4).
 m - a +1 sacred scourge of holy wrath
 y - the +7 long sword "Worm" {vorpal, rF+ Will+ Int+4}
   (You found it in the Dungeon)

   It inflicts extra damage upon your enemies.
   Int:       It affects your intelligence (+4).
   rF:        It protects you from fire.
   Will:      It increases your willpower.
 D - a +8 lajatang of electrocution (weapon)
 V - a +0 triple crossbow of electrocution
Missiles
 i - 4 javelins (quivered)
Armour
 f - a +4 troll leather armour (worn) {Snorg}
 q - a +0 cloak (worn)
 r - a +2 pair of gloves (worn)
 u - a +2 tower shield of protection
 w - a +1 pair of boots (worn)
 U - a +2 helmet (worn)
Jewellery
 c - the amulet of Ystoiroh (around neck) {Contam rC++ rN+ Regen+}
   (You found it in the Dungeon)

   [amulet of regeneration]

   rC:        It greatly protects you from cold.
   rN:        It protects you from negative energy.
   Contam:    It causes magical contamination when unequipped.
   Regen:     It increases your rate of health regeneration.
 n - the ring "Wyocad" {rPois Will+ Int+6 SInv}
   (You found it in the Dungeon)

   [ring of intelligence]

   Int:       It affects your intelligence (+6).
   rPois:     It protects you from poison.
   SInv:      It lets you see invisible.
   Will:      It increases your willpower.
 t - the ring of Hayrch (right hand) {Contam rElec Str+3 Int+6 Slay+3}
   (You found it in the Dungeon)

   [ring of intelligence]

   Str:       It affects your strength (+3).
   Int:       It affects your intelligence (+6).
   Slay:      It affects your accuracy & damage with ranged weapons and melee
   (+3).
   rElec:     It insulates you from electricity.
   Contam:    It causes magical contamination when unequipped.
 O - the ring "Ystus" {Str+3 Int+4 Slay+5}
   (You found it in the Dungeon)

   [ring of slaying]

   Str:       It affects your strength (+3).
   Int:       It affects your intelligence (+4).
   Slay:      It affects your accuracy & damage with ranged weapons and melee
   (+5).
 Q - the ring of Baidabuz {AC+6 Int+5 Slay+4 SInv}
   (You found it in the Dungeon)

   [ring of protection]

   AC:        It affects your AC (+6).
   Int:       It affects your intelligence (+5).
   Slay:      It affects your accuracy & damage with ranged weapons and melee
   (+4).
   SInv:      It lets you see invisible.
 S - the ring of Hepliaklqana, Sharing (left hand) {rPois rF++ rN+ Will- Stlth+}
   (You found it in the Dungeon)

   [ring of positive energy]

   rF:        It greatly protects you from fire.
   rPois:     It protects you from poison.
   rN:        It protects you from negative energy.
   Will:      It decreases your willpower.
   Stlth:     It makes you more stealthy.
Wands
 v - a wand of paralysis (4)
 F - a wand of roots (11)
Scrolls
 l - 5 scrolls of amnesia
 E - 6 scrolls of fear
 J - 5 scrolls of fog
 K - 2 scrolls of enchant weapon
 N - 4 scrolls of enchant armour
Potions
 e - 14 potions of curing
 j - 2 potions of berserk rage
 o - 8 potions of mutation
 p - 5 potions of brilliance
 x - 5 potions of magic
 L - a potion of resistance
 M - 3 potions of heal wounds
Miscellaneous
 A - a phantom mirror
 H - a tin of tremorstones (2/2)
 I - a phial of floods
 Y - a condenser vane


   Skills:
 + Level 23.1 Fighting
 + Level 22.7 Short Blades
 + Level 23.1 Long Blades
 + Level 22.7 Axes
 + Level 22.7 Maces & Flails
 + Level 22.7 Polearms
 + Level 22.7 Staves
 + Level 22.7 Ranged Weapons
 + Level 22.8 Throwing
 + Level 22.8 Armour
 + Level 23.1 Dodging
 + Level 22.7 Stealth
 + Level 22.7 Shields
 + Level 22.7 Unarmed Combat
 + Level 23.1 Spellcasting
 + Level 19.5 Conjurations
 + Level 19.5 Hexes
 + Level 19.5 Summonings
 + Level 19.5 Necromancy
 + Level 20.1 Translocations
 + Level 19.5 Transmutations
 + Level 19.5 Fire Magic
 + Level 19.5 Ice Magic
 + Level 19.5 Air Magic
 + Level 19.5 Earth Magic
 + Level 19.5 Poison Magic
 + Level 24.5 Invocations
 + Level 22.7 Evocations


You had 11 spell levels left.
You knew the following spells:

 Your Spells              Type           Power      Damage    Failure   Level
a - Blink                 Tloc           100%       N/A       0%          2
b - Vhi's Electric Charg  Tloc/Air       100%       N/A       0%          3
c - Manifold Assault      Tloc           100%       N/A       0%          4
d - Lesser Beckoning      Tloc           100%       N/A       0%          3
e - Teleport Other        Tloc           100%       N/A       0%          3
f - Irradiate             Conj/Tmut      54%        3d29      0%          5
g - Fire Storm            Conj/Fire      54%        8d14      22%         9
h - Dispersal             Tloc           55%        N/A       1%          6
i - Ignition              Fire           54%        3d15      1%          8
j - Polar Vortex          Ice            54%        N/A       22%         9

Your spell library contained the following spells:

 Spells                   Type           Power      Damage    Failure   Level
 Apportation              Tloc           100%       N/A       0%          1
 Beastly Appendage        Tmut           100%       N/A       0%          1
 Freeze                   Ice            100%       1d10      0%          1
 Sandblast                Erth           100%       2d20      0%          1
 Slow                     Hex            100%       N/A       0%          1
 Summon Small Mammal      Summ           100%       N/A       0%          1
 Cigotuvi's Dreadful Rot  Necr/Pois/Air  100%       N/A       0%          2
 Ensorcelled Hibernation  Hex/Ice        100%       N/A       0%          2
 Momentum Strike          Conj/Tloc      100%       3d10      0%          2
 Passwall                 Tmut/Erth      90%        N/A       0%          2
 Poisonous Vapours        Pois/Air       100%       N/A       0%          2
 Sublimation of Blood     Necr           100%       N/A       0%          2
 Wereblood                Tmut           100%       N/A       0%          2
 Call Canine Familiar     Summ           100%       N/A       0%          3
 Confusing Touch          Hex            100%       N/A       0%          3
 Frozen Ramparts          Ice            100%       1d16      0%          3
 Gell's Gravitas          Tloc           100%       N/A       0%          3
 Hailstorm                Conj/Ice       100%       3d20      0%          3
 Ignite Poison            Fire/Tmut/Pois 100%       N/A       0%          3
 Inner Flame              Hex/Fire       100%       N/A       0%          3
 Mephitic Cloud           Conj/Pois/Air  100%       N/A       0%          3
 Portal Projectile        Hex/Tloc       100%       N/A       0%          3
 Spider Form              Tmut/Pois      100%       N/A       0%          3
 Stone Arrow              Conj/Erth      100%       3d13      0%          3
 Swiftness                Air            100%       N/A       0%          3
 Vampiric Draining        Necr           100%       2d13      0%          3
 Anguish                  Hex/Necr       54%        N/A       0%          4
 Animate Armour           Summ/Erth      100%       N/A       0%          4
 Ice Form                 Ice/Tmut       100%       N/A       0%          4
 Leda's Liquefaction      Hex/Erth       54%        N/A       0%          4
 Petrify                  Tmut/Erth      100%       N/A       0%          4
 Sticky Flame             Conj/Fire      100%       2d11      0%          4
 Summon Ice Beast         Ice/Summ       100%       N/A       0%          4
 Summon Lightning Spire   Summ/Air       100%       N/A       0%          4
 Agony                    Necr           100%       N/A       0%          5
 Blade Hands              Tmut           54%        N/A       0%          5
 Lee's Rapid Deconstruct  Erth           54%        3d25*     0%          5
 Metabolic Englaciation   Hex/Ice        54%        N/A       0%          5
 Silence                  Hex/Air        54%        N/A       0%          5
 Summon Mana Viper        Hex/Summ       100%       N/A       0%          5
 Simulacrum               Ice/Necr       54%        N/A       1%          6
 Statue Form              Tmut/Erth      72%        N/A       1%          6
 Malign Gateway           Summ/Tloc      54%        N/A       1%          7
 Monstrous Menagerie      Summ           54%        N/A       1%          7
 Storm Form               Tmut/Air       54%        N/A       1%          7
 Disjunction              Tloc           55%        N/A       1%          8
 Lehudib's Crystal Spear  Conj/Erth      54%        10d13     1%          8
 Maxwell's Capacitive Co  Air            54%        ∞         1%          8


Dungeon Overview and Level Annotations

Branches:
Dungeon (1/1)

Altars:
Ashenzari
Cheibriados
Dithmenos
Elyvilon
Fedhas
Gozag
Hepliaklqana
Kikubaaqudgha
Makhleb
Nemelex Xobeh
Okawaru
Qazlal
Ru
Sif Muna
Trog
Uskayaw
Vehumet
Wu Jian
Xom
Yredelemnul
Zin
The Shining One
Jiyva
Lugonu

Annotations:
D Asmodeus


Innate Abilities, Weirdness & Mutations

You have very sharp teeth.
Your uncanny sense of smell can sniff out nearby items.
Your experience applies equally to all skills.
You possess an exceptional clarity of mind.
Your mind is acute. (Int +4, Str/Dex -1)
Your body sometimes deteriorates upon taking damage.


Message History

The balrug gestures at you. Something smites you!
* * * LOW HITPOINT WARNING * * *
You slice Asmodeus!!
Asmodeus is almost dead.
You are engulfed in blazing flames.
You resist.
* * * LOW HITPOINT WARNING * * *
Asmodeus gestures at you. The bolt of fire misses you.
Unknown command.
You barely miss Asmodeus. You bite Asmodeus, but do no damage.
Asmodeus is almost dead.
You are engulfed in blazing flames.
You resist.
* * * LOW HITPOINT WARNING * * *
Unknown command.
You slice Asmodeus!!
Asmodeus is almost dead.
Asmodeus hits you with the +7 sceptre of Asmodeus!!
* * * LOW HITPOINT WARNING * * *
Unknown command.
You barely miss Asmodeus.
Asmodeus is almost dead.
You are engulfed in blazing flames.
You resist.
* * * LOW HITPOINT WARNING * * *
Asmodeus gestures.
Unknown command.
Activating: Slouch (0% risk of failure)
Press: ? - help, Dir - look around, f - activate You can feel time thicken for a moment.
You kill the balrug!
The balrug disappears in a puff of smoke!
Cheibriados lowers the support of your attributes as your movement quickens.
You are engulfed in blazing flames.
You resist.
Asmodeus hits you with the +7 sceptre of Asmodeus.
* * * LOW HITPOINT WARNING * * *
The hellion hits you but does no damage.
The hellion barely misses you. The hellion gestures at you.
The sphere of damnation explodes!
The damnation engulfs you!!
You die...

,,,,,,* *∆∆∆∆∆∆∆∆∆∆∆∆∆∆∆∆∆∆∆*
,,,,,,*********#####+###########
,,,,,,**,,,,,,,................#
,,,,,,**,,,,,,,................#
,,,,,,*********###############'#
,,,,,,* ##* *## *## *** #'#
,,,,,,* #.###.###.#**,****** #.#
,,,,,,*###'.'##.°##2+#*∆∆∆∆**#'#
,,,,,,*#.'...'.2@&§1.+∆∆∆∆∆∆*#.#
,,,,,**####.###2###.##∆∆∆∆∆∆*#'#
,,,,** *,*#'# #'# *##*∆∆∆∆∆∆*#.#
,,,** ####.###.###.##*∆∆∆∆**#'#
**** #)'..)')..'...####### #.#
**** #'##.###)###.###.'#.###'#
,,,*** ##}###.#'#.###.###...##)#
,,,,,**#'#'.##'.##'.##'.'#.###'#
,,,,,,*#.#...'...#...#...#'# #.#


You could see Asmodeus (clouds), a Brimstone Fiend (summoned) and 3 hellions.

Vanquished Creatures
  Mnoleg (D)
  An ancient lich (D)
  Khufu (D)
  An orb of fire (D)
  Mennas (D)
  3 royal mummies (D)
  Frederick (D)
  A Killer Klown (D)
  3 curse toes (D)
  Xtahua (D)
  Geryon (D)
  Nikola (D)
  A profane servitor (D)
  A pearl dragon (D)
  A Brimstone Fiend (D)
  2 electric golems (D)
  A tentacled monstrosity (D)
  A pandemonium lord (D)
  3 Hell Sentinels (D)
  4 liches (D)
  6 Ice Fiends (D)
  A deep elf blademaster (D)
  3 titans (D)
  An acid blob (D)
  2 Executioners (D)
  2 deep elf master archers (D)
  A sphinx (D)
  A daeva (D)
  2 azure jellies (D)
  A draconian monk (D)
  4 nagarajas (D)
  3 fire giants (D)
  A deep elf sorcerer (D)
  2 emperor scorpions (D)
  3 draconian scorchers (D)
  A frost giant (D)
  A balrug (D)
  4 orc warlords (D)
  A ghost moth (D)
  An angel (D)
  A stone giant (D)
  3 ghouls (D)
  A yellow draconian (D)
  A green draconian (D)
  An apis (D)
  3 black draconians (D)
  A war gargoyle (D)
  4 vampire knights (D)
  2 deep elf demonologists (D)
  A red draconian (D)
  3 purple draconians (D)
  A white draconian (D)
  An eidolon (D)
  A minotaur (D)
  Snorg (D)
  A deep elf death mage (D)
  A mummy priest (D)
  A blizzard demon (D)
  4 green deaths (D)
  A fire dragon (D)
  A yaktaur captain (D)
  A deep elf high priest (D)
  A great orb of eyes (D)
  A hydra (D)
  2 ice dragons (D)
  An ogre mage (D)
  2 vault guards (D)
  A rakshasa (D)
  An ice dragon (shapeshifter) (D)
  A merfolk avatar (D)
  An anaconda (shapeshifter) (D)
  2 anacondas (D)
  3 death knights (D)
  A centaur warrior (D)
  A deep troll shaman (D)
  An iron elemental (D)
  5 naga warriors (D)
  2 alligators (D)
  2 dancing weapons (D)
  An orc high priest (D)
  3 vampire magi (D)
  5 hell knights (D)
  Nergalle (D)
  2 deep elf knights (D)
  12 skeletal warriors (D)
  A cherub (D)
  A fire crab (D)
  7 flayed ghosts (D)
  A swamp dragon (D)
  4 deep trolls (D)
  A swamp dragon (shapeshifter) (D)
  A deep elf pyromancer (D)
  2 wizards (D)
  A lindwurm (D)
  Pikel (D)
  2 phantasmal warriors (D)
  A bog body (D)
  11 orc knights (D)
  A deep elf zephyrmancer (D)
  A salamander (shapeshifter) (D)
  7 necromancers (D)
  2 orc sorcerers (D)
  3 cyclopes (D)
  2 manticores (D)
  2 naga magi (D)
  A smoke demon (D)
  An unseen horror (D)
  A cane toad (D)
  A demonic crawler (D)
  A rime drake (D)
  A tormentor (D)
  A komodo dragon (D)
  2 freezing wraiths (D)
  2 ice devils (D)
  A hellwing (D)
  2 guardian mummies (D)
  2 red devils (D)
  A tyrant leech (D)
  A wandering mushroom (D)
  A merfolk (D)
  2 trolls (D)
  A tarantella (D)
  4 blink frogs (D)
  Sigmund (D)
  2 snapping turtles (D)
  A spriggan (D)
  A jumping spider (D)
  A shadow (D)
  6 vampires (D)
  2 wraiths (D)
  2 water elementals (D)
  A wyvern (D)
  A fire elemental (D)
  4 yaks (D)
  A basilisk (D)
  A neqoxec (D)
  3 vampire mosquitoes (D)
  3 large abominations (D)
  4 wargs (D)
  A water moccasin (D)
  A floating eye (D)
  8 orc warriors (D)
  An ice beast (D)
  A centaur (D)
  A wolf (D)
  A lemure (D)
  A necrophage (D)
  2 scorpions (D)
  8 wights (D)
  A small abomination (D)
  A crimson imp (D)
  A quasit (D)
  2 iron imps (D)
  A jelly (D)
  2 hell rats (D)
  2 orc wizards (D)
  An adder (D)
  2 river rats (D)
  3 adder zombies (D)
  3 adder skeletons (D)
  4 adder simulacra (D)
  21 orcs (D)
  A bat (D)
  2 bat skeletons (D)
  A bat zombie (D)
  An endoplasm (D)
  A hobgoblin (D)
  2 jackals (D)
  A kobold (D)
  A quokka (D)
  A ball python simulacrum (D)
  4 ball python skeletons (D)
  3 ball python zombies (D)
  2 bat simulacra (D)
  A frilled lizard (D)
  A giant cockroach zombie (D)
  A jackal simulacrum (D)
  A rat (D)
363 creatures vanquished.

Vanquished Creatures (collateral kills)
  A great orb of eyes (D)
1 creature vanquished.

Vanquished Creatures (others)
  An air elemental (D)
  A floating eye (D)
  A bat simulacrum (D)
3 creatures vanquished.

Grand Total: 367 creatures vanquished

Notes
Turn   | Place    | Note
-------+----------+-------------------------------------------
     0 | D        | rocky1 the Gnoll Warper began the quest for the Orb.
     0 | D        | Reached XP level 1. HP: 20/20 MP: 6/6
    11 | D        | Noticed a scorpion
    15 | D        | Killed a scorpion
    16 | D        | Reached skill level 5 in Fighting
    16 | D        | Reached skill level 5 in Long Blades
    16 | D        | Reached skill level 5 in Dodging
    16 | D        | Reached skill level 5 in Spellcasting
    16 | D        | Reached skill level 2 in Invocations
    16 | D        | Reached XP level 2. HP: 27/27 MP: 6/8
    16 | D        | Reached XP level 3. HP: 33/33 MP: 7/10
    16 | D        | Reached XP level 4. HP: 39/39 MP: 7/11
    71 | D        | Found a bloodstained altar of Trog.
    71 | D        | Found a shimmering blue altar of Sif Muna.
    71 | D        | Found a viscous altar of Jiyva.
    71 | D        | Found a hazy altar of Hepliaklqana.
    71 | D        | Found an opulent altar of Gozag.
    76 | D        | Learned a level 2 spell: Blink
    80 | D        | Learned a level 3 spell: Vhi's Electric Charge
    85 | D        | Learned a level 4 spell: Manifold Assault
    89 | D        | Learned a level 3 spell: Lesser Beckoning
   112 | D        | Found a glowing golden altar of the Shining One.
   112 | D        | Found a glowing silver altar of Zin.
   112 | D        | Found a basalt altar of Yredelemnul.
   112 | D        | Found a shimmering altar of Xom.
   112 | D        | Found an ornate altar of the Wu Jian Council.
   112 | D        | Found a sacrificial altar of Ru.
   112 | D        | Found a stormy altar of Qazlal.
   112 | D        | Found an iron altar of Okawaru.
   112 | D        | Found a sparkling altar of Nemelex Xobeh.
   112 | D        | Found a burning altar of Makhleb.
   112 | D        | Found a blossoming altar of Fedhas.
   112 | D        | Found a white marble altar of Elyvilon.
   112 | D        | Found a shadowy altar of Dithmenos.
   112 | D        | Found a snail-covered altar of Cheibriados.
   116 | D        | Found a corrupted altar of Lugonu.
   116 | D        | Found a radiant altar of Vehumet.
   117 | D        | Found a broken altar of Ashenzari.
   117 | D        | Found an ancient bone altar of Kikubaaqudgha.
   117 | D        | Found a hide-covered altar of Uskayaw.
   127 | D        | Became a worshipper of Cheibriados the Contemplative
   177 | D        | Reached * piety under Cheibriados
   178 | D        | Reached skill level 3 in Invocations
   320 | D        | Noticed a floating eye
   323 | D        | Reached ** piety under Cheibriados
   325 | D        | Killed a floating eye
   326 | D        | Reached skill level 4 in Invocations
   326 | D        | Reached XP level 5. HP: 46/46 MP: 11/13
   490 | D        | Noticed an orc warrior
   491 | D        | Noticed an ice beast
   494 | D        | Reached *** piety under Cheibriados
   515 | D        | Killed an orc warrior
   516 | D        | Reached skill level 5 in Throwing
   516 | D        | Reached skill level 5 in Armour
   516 | D        | Reached skill level 5 in Invocations
   516 | D        | Reached XP level 6. HP: 46/53 MP: 13/15
   518 | D        | Reached **** piety under Cheibriados
   520 | D        | Killed an ice beast
   521 | D        | Reached skill level 5 in Short Blades
   521 | D        | Reached skill level 5 in Axes
   521 | D        | Reached skill level 5 in Maces & Flails
   521 | D        | Reached skill level 5 in Polearms
   521 | D        | Reached skill level 5 in Staves
   521 | D        | Reached skill level 5 in Ranged Weapons
   521 | D        | Reached skill level 5 in Stealth
   521 | D        | Reached skill level 5 in Shields
   521 | D        | Reached skill level 5 in Unarmed Combat
   521 | D        | Reached skill level 5 in Evocations
   521 | D        | Reached ***** piety under Cheibriados
   522 | D        | Reached XP level 7. HP: 37/60 MP: 9/17
   617 | D        | Noticed a jumping spider
   618 | D        | Killed a jumping spider
   619 | D        | Reached skill level 6 in Invocations
   758 | D        | Noticed a warg
   763 | D        | Reached skill level 5 in Conjurations
   763 | D        | Reached skill level 5 in Hexes
   763 | D        | Reached skill level 5 in Summonings
   763 | D        | Reached skill level 5 in Necromancy
   763 | D        | Reached skill level 5 in Transmutations
   763 | D        | Reached skill level 5 in Fire Magic
   763 | D        | Reached skill level 5 in Ice Magic
   763 | D        | Reached skill level 5 in Air Magic
   763 | D        | Reached skill level 5 in Earth Magic
   763 | D        | Reached skill level 5 in Poison Magic
   771 | D        | Killed a warg
   771 | D        | Reached ****** piety under Cheibriados
   772 | D        | Reached skill level 7 in Invocations
   772 | D        | Reached XP level 8. HP: 38/68 MP: 20/20
   868 | D        | Noticed a komodo dragon
   868 | D        | Noticed a blink frog
   868 | D        | Noticed a blink frog
   868 | D        | Noticed a blink frog
   868 | D        | Noticed a blink frog
   869 | D        | Killed a blink frog
   869 | D        | Killed a blink frog
   869 | D        | Killed a blink frog
   870 | D        | Killed a komodo dragon
   870 | D        | Killed a blink frog
   871 | D        | Reached skill level 8 in Invocations
   871 | D        | Reached XP level 9. HP: 75/75 MP: 10/22
   963 | D        | Got the +1 broad axe of Fushaykh {vorpal, Str+2 SInv}
  1033 | D        | Learned a level 3 spell: Teleport Other
  1044 | D        | Noticed a manticore
  1052 | D        | Killed a manticore
  1335 | D        | Noticed a cyclops
  1336 | D        | Noticed a guardian mummy
  1338 | D        | Reached skill level 9 in Invocations
  1344 | D        | Killed a guardian mummy
  1353 | D        | Killed a cyclops
  1354 | D        | Reached skill level 10 in Spellcasting
  1354 | D        | Reached XP level 10. HP: 44/85 MP: 10/24
  1490 | D        | Noticed a deep elf zephyrmancer
  1494 | D        | Killed a deep elf zephyrmancer
  1495 | D        | Reached skill level 10 in Fighting
  1495 | D        | Reached skill level 10 in Long Blades
  1495 | D        | Reached skill level 10 in Dodging
  1743 | D        | Noticed Sigmund
  1752 | D        | Killed Sigmund
  1753 | D        | Reached skill level 10 in Invocations
  1753 | D        | Noticed a phantasmal warrior
  1758 | D        | Killed a phantasmal warrior
  1954 | D        | Noticed an unseen horror
  1961 | D        | Killed an unseen horror
  1962 | D        | Reached skill level 10 in Throwing
  1962 | D        | Reached skill level 10 in Armour
  2040 | D        | Noticed an eight-headed hydra
  2040 | D        | Noticed a deep elf pyromancer
  2042 | D        | Noticed a vampire knight
  2194 | D        | Noticed a smoke demon
  2195 | D        | Noticed a phantasmal warrior
  2200 | D        | Killed a phantasmal warrior
  2201 | D        | Reached skill level 10 in Translocations
  2207 | D        | Killed a smoke demon
  2208 | D        | Reached skill level 10 in Short Blades
  2208 | D        | Reached skill level 10 in Axes
  2208 | D        | Reached skill level 10 in Maces & Flails
  2208 | D        | Reached skill level 10 in Polearms
  2208 | D        | Reached skill level 10 in Staves
  2208 | D        | Reached skill level 10 in Ranged Weapons
  2208 | D        | Reached skill level 10 in Stealth
  2208 | D        | Reached skill level 10 in Shields
  2208 | D        | Reached skill level 10 in Unarmed Combat
  2208 | D        | Reached skill level 10 in Evocations
  2208 | D        | Reached XP level 11. HP: 62/93 MP: 26/26
  2441 | D        | Noticed a great orb of eyes
  2441 | D        | Noticed a lindwurm
  2445 | D        | Killed a lindwurm
  2446 | D        | Reached skill level 11 in Invocations
  2448 | D        | Killed a great orb of eyes
  2538 | D        | Noticed a blizzard demon
  2549 | D        | Killed a blizzard demon
  2877 | D        | Noticed a manticore
  2888 | D        | Killed a manticore
  3047 | D        | Noticed a mummy priest
  3047 | D        | Noticed a deep elf knight
  3047 | D        | Noticed a red draconian scorcher
  3047 | D        | Noticed a deep elf master archer
  3047 | D        | Noticed a fire crab
  3047 | D        | Noticed a nagaraja
  3047 | D        | Noticed a cyclops
  3051 | D        | Killed a fire crab
  3052 | D        | Killed a deep elf master archer
  3052 | D        | Killed a deep elf knight
  3053 | D        | Reached skill level 12 in Invocations
  3053 | D        | Killed a red draconian scorcher
  3053 | D        | Killed a nagaraja
  3053 | D        | Noticed a soul eater
  3054 | D        | Reached XP level 12. HP: 98/103 MP: 2/28
  3059 | D        | Killed a mummy priest
  3078 | D        | Got the Omnibus of the Worm
  3360 | D        | Noticed an emperor scorpion
  3360 | D        | Noticed a minotaur
  3367 | D        | Reached skill level 10 in Conjurations
  3367 | D        | Reached skill level 10 in Hexes
  3367 | D        | Reached skill level 10 in Summonings
  3367 | D        | Reached skill level 10 in Necromancy
  3367 | D        | Reached skill level 10 in Transmutations
  3367 | D        | Reached skill level 10 in Fire Magic
  3367 | D        | Reached skill level 10 in Ice Magic
  3367 | D        | Reached skill level 10 in Air Magic
  3367 | D        | Reached skill level 10 in Earth Magic
  3367 | D        | Reached skill level 10 in Poison Magic
  3368 | D        | Killed a minotaur
  3369 | D        | Reached skill level 13 in Invocations
  3369 | D        | Killed an emperor scorpion
  3371 | D        | Noticed Nergalle
  3371 | D        | Noticed a deep elf sorcerer
  3371 | D        | Noticed a great orb of eyes
  3371 | D        | Noticed a merfolk avatar
  3374 | D        | Killed Nergalle
  3374 | D        | Noticed an orc warlord
  3379 | D        | Killed a merfolk avatar
  3389 | D        | Killed a great orb of eyes
  3408 | D        | Killed an orc warlord
  3417 | D        | Noticed Snorg
  3427 | D        | Identified the +6 morningstar of Heeti {freeze, Dex+4}
  3427 | D        | Noticed a death knight
  3428 | D        | Killed Snorg
  3436 | D        | Noticed a rakshasa
  3442 | D        | Killed a death knight
  3443 | D        | Reached skill level 14 in Invocations
  3458 | D        | Killed a rakshasa
  3459 | D        | Reached XP level 13. HP: 65/112 MP: 19/30
  3504 | D        | Killed a deep elf sorcerer
  3569 | D        | Got the Spellbook of Ensorcelling
  3577 | D        | Got the Omnibus of Battling and the Legion
  3579 | D        | Got the Incunable of Transposition and Glaciation
  3611 | D        | Learned a level 5 spell: Irradiate
  3621 | D        | Learned a level 9 spell: Fire Storm
  3656 | D        | Killed a ghost moth
  3806 | D        | Killed a vampire knight
  3859 | D        | Noticed Pikel
  3869 | D        | Killed Pikel
  3907 | D        | Reached skill level 15 in Invocations
  4286 | D        | Noticed an orc warlord
  4286 | D        | Noticed a vault guard
  4287 | D        | Noticed an orc warlord
  4289 | D        | Noticed an apis
  4290 | D        | Killed a vault guard
  4291 | D        | Noticed a vault guard
  4294 | D        | Reached skill level 15 in Spellcasting
  4294 | D        | Killed an orc warlord
  4295 | D        | Reached skill level 15 in Fighting
  4295 | D        | Reached skill level 15 in Long Blades
  4295 | D        | Reached skill level 15 in Dodging
  4295 | D        | Killed a vault guard
  4296 | D        | Reached XP level 14. HP: 123/123 MP: 12/33
  4296 | D        | Killed an orc warlord
  4298 | D        | Reached skill level 15 in Throwing
  4298 | D        | Reached skill level 15 in Armour
  4298 | D        | Reached skill level 16 in Invocations
  4300 | D        | Killed an apis
  4312 | D        | Reached skill level 15 in Short Blades
  4312 | D        | Reached skill level 15 in Axes
  4312 | D        | Reached skill level 15 in Maces & Flails
  4312 | D        | Reached skill level 15 in Polearms
  4312 | D        | Reached skill level 15 in Staves
  4312 | D        | Reached skill level 15 in Ranged Weapons
  4312 | D        | Reached skill level 15 in Stealth
  4312 | D        | Reached skill level 15 in Shields
  4312 | D        | Reached skill level 15 in Unarmed Combat
  4312 | D        | Reached skill level 15 in Evocations
  4645 | D        | Got the +7 long sword "Worm" {vorpal, rF+ Will+ Int+4}
  4723 | D        | Noticed a purple draconian
  4728 | D        | Noticed a red draconian
  4735 | D        | Noticed a black draconian
  4736 | D        | Killed a purple draconian
  4736 | D        | Killed a red draconian
  4744 | D        | Killed a black draconian
  4751 | D        | Reached skill level 17 in Invocations
  4846 | D        | Noticed an emperor scorpion
  4856 | D        | Noticed a yellow draconian
  4863 | D        | Killed a yellow draconian
  4876 | D        | Killed an emperor scorpion
  4949 | D        | Noticed a white draconian
  4961 | D        | Noticed a fire giant
  4983 | D        | Killed a fire giant
  4987 | D        | Killed a white draconian
  5002 | D        | Noticed an orc warlord
  5004 | D        | Noticed an angel
  5006 | D        | Noticed Mennas
  5101 | D        | Noticed a green draconian
  5109 | D        | Killed a green draconian
  5128 | D        | Noticed a daeva
  5228 | D        | Killed Mennas
  5229 | D        | Reached XP level 15. HP: 79/134 MP: 12/36
  5236 | D        | Killed a daeva
  5237 | D        | Reached skill level 15 in Translocations
  5338 | D        | Noticed a fire giant
  5348 | D        | Killed an angel
  5352 | D        | Killed a fire giant
  5353 | D        | Reached skill level 18 in Invocations
  5378 | D        | Killed an orc warlord
  5435 | D        | Noticed a frost giant
  5522 | D        | Killed a frost giant
  5614 | D        | Noticed an Executioner
  5615 | D        | Noticed an Executioner
  5654 | D        | Got the Directory of the Destructive Iceberg
  5760 | D        | Noticed a lich
  5760 | D        | Noticed a ghoul
  5769 | D        | Paralysed by a vampire knight for 3 turns
  5800 | D        | Killed a lich
  5862 | D        | Reached skill level 19 in Invocations
  5904 | D        | Noticed a lich
  5906 | D        | Noticed a ghoul
  5914 | D        | Killed a lich
  5915 | D        | Reached skill level 15 in Conjurations
  5915 | D        | Reached skill level 15 in Hexes
  5915 | D        | Reached skill level 15 in Summonings
  5915 | D        | Reached skill level 15 in Necromancy
  5915 | D        | Reached skill level 15 in Transmutations
  5915 | D        | Reached skill level 15 in Fire Magic
  5915 | D        | Reached skill level 15 in Ice Magic
  5915 | D        | Reached skill level 15 in Air Magic
  5915 | D        | Reached skill level 15 in Earth Magic
  5915 | D        | Reached skill level 15 in Poison Magic
  5917 | D        | Noticed a ghoul
  5926 | D        | Identified the amulet "Jeck" {Acrobat rF+++ Int+3 Dex-5}
  5950 | D        | Killed a ghoul
  6136 | D        | Killed a ghoul
  6150 | D        | Killed a ghoul
  6151 | D        | Reached XP level 16. HP: 114/145 MP: 38/38
  6229 | D        | Got a silver rune of Zot
  6534 | D        | Learned a level 6 spell: Dispersal
  6668 | D        | Noticed a Tzitzimitl
  6735 | D        | Noticed a sphinx
  6748 | D        | Paralysed by a sphinx for 2 turns
  6750 | D        | Killed a sphinx
  6776 | D        | Noticed a green draconian monk
  6894 | D        | Noticed a lich
  6895 | D        | Reached skill level 20 in Invocations
  6908 | D        | Killed a lich
  6920 | D        | Noticed a nagaraja
  6946 | D        | Killed a nagaraja
  6962 | D        | Killed a green draconian monk
  6977 | D        | Noticed a lich
  6986 | D        | Killed a lich
  7042 | D        | Got the Opusculum on the Oath and Glaciation
  7062 | D        | Got the Meditations on Morbid Transmutation
  7066 | D        | Got Rahuu's Incunable of Fey Attendants
  7196 | D        | Learned a level 8 spell: Ignition
  7206 | D        | Learned a level 9 spell: Polar Vortex
  7228 | D        | Got the amulet of Ystoiroh {Contam rC++ rN+ Regen+}
  7230 | D        | Got the amulet "Utuapun" {rElec Regen+ SInv Stlth+}
  7232 | D        | Got the amulet "Ruawk" {rElec rC+ Regen+}
  7234 | D        | Got the amulet of Generosity {Faith *Slow Will++ Slay+2
                  | SInv}
  7237 | D        | Got the amulet of Qarinti {rF+ rC- Regen+ Int+3}
  7239 | D        | Got the ring "Wyocad" {rPois Will+ Int+6 SInv}
  7241 | D        | Got the amulet "Zayssuugo" {RegenMP Fly}
  7243 | D        | Got the amulet of Waotrod {rElec Regen+}
  7245 | D        | Got the ring "Uwuikor" {rPois rF- Str+3 Slay+4}
  7247 | D        | Got the amulet "Riulor" {Reflect Harm rN+ Str-2 Int+4 SH+5}
  7249 | D        | Got the ring of the Commoners {*Corrode rPois Str+9 Int-4
                  | SInv}
  7251 | D        | Got the amulet "Kuqam" {RegenMP rElec Will++ Dex+2 Stlth+}
  7254 | D        | Got the ring "Ystus" {Str+3 Int+4 Slay+5}
  7256 | D        | Got the ring "Jauwnep" {Fly Dex+2}
  7285 | D        | Got the ring of Ixaetoub {Fire Int+3}
  7287 | D        | Got the ring "Eluextun" {Ice +Blink Int+5}
  7289 | D        | Got the ring "Dijojod" {Int+5 Dex+6}
  7291 | D        | Got the ring "Bipali Olui" {rN+++ Str+4 Int+6 Dex-4 Stlth-}
  7293 | D        | Got the ring of the Shining Light {rPois rN+ Str+6 SInv}
  7296 | D        | Got the ring of Hayrch {Contam rElec Str+3 Int+6 Slay+3}
  7298 | D        | Got the ring of Elyvilon's Envy {rPois Int+5 Dex+6 Stlth-}
  7302 | D        | Got the ring of Enlobrem {Int+6 Slay+3}
  7304 | D        | Got the ring "Quudusax" {Ice Str+4 Int-3}
  7306 | D        | Got the ring of Baidabuz {AC+6 Int+5 Slay+4 SInv}
  7309 | D        | Got the ring "Otiav" {Will+ Str+2}
  7311 | D        | Got the ring of Hepliaklqana, Sharing {rPois rF++ rN+ Will-
                  | Stlth+}
  7313 | D        | Got the ring of the Elephant {AC+6 Str+4}
  7365 | D        | Noticed an Ice Fiend
  7375 | D        | Killed an Ice Fiend
  7380 | D        | Noticed Xtahua
  7388 | D        | Killed Xtahua
  7392 | D        | Noticed a pearl dragon
  7402 | D        | Killed a pearl dragon
  7441 | D        | Noticed a deep elf master archer
  7447 | D        | Killed a deep elf master archer
  7451 | D        | Noticed a Hell Sentinel
  7455 | D        | Killed a Hell Sentinel
  7465 | D        | Noticed an Executioner
  7469 | D        | Killed an Executioner
  7470 | D        | Reached skill level 21 in Invocations
  7472 | D        | Noticed a profane servitor
  7472 | D        | Noticed a nagaraja
  7472 | D        | Noticed a curse toe
  7483 | D        | Killed a profane servitor
  7490 | D        | Killed a curse toe
  7492 | D        | Killed a nagaraja
  7514 | D        | Noticed a Hell Sentinel
  7519 | D        | Killed a Hell Sentinel
  7521 | D        | Noticed a nagaraja
  7525 | D        | Killed a nagaraja
  7527 | D        | Noticed a tentacled monstrosity
  7533 | D        | Killed a tentacled monstrosity
  7539 | D        | Noticed an orb of fire
  7543 | D        | Gained mutation: Armour fits poorly on your strangely
                  | shaped body. [an orb of fire]
  7545 | D        | Gained mutation: You sometimes lose your temper in combat.
                  | [an orb of fire]
  7547 | D        | Killed an orb of fire
  7548 | D        | Reached XP level 17. HP: 123/157 MP: 37/41
  7712 | D        | Noticed an Executioner
  7714 | D        | Killed an Executioner
  7717 | D        | Noticed Mnoleg
  7718 | D        | Noticed a tentacled monstrosity
  7732 | D        | Gained mutation: Your magical capacity is low. (-10% MP) [a
                  | shining eye]
  7745 | D        | Killed Mnoleg
  7746 | D        | Reached skill level 22 in Invocations
  8154 | D        | Lost mutation: Your magical capacity is low. (-10% MP)
                  | [potion of mutation]
  8154 | D        | Lost mutation: Armour fits poorly on your strangely shaped
                  | body. [potion of mutation]
  8154 | D        | Lost mutation: You sometimes lose your temper in combat.
                  | [potion of mutation]
  8154 | D        | Gained mutation: You possess an exceptional clarity of
                  | mind. [potion of mutation]
  8154 | D        | Gained mutation: Your mind is acute. (Int +4, Str/Dex -1)
                  | [potion of mutation]
  8154 | D        | Gained mutation: Your body sometimes deteriorates upon
                  | taking damage. [potion of mutation]
  8160 | D        | Noticed a royal mummy
  8172 | D        | Killed a royal mummy
  8286 | D        | Noticed a royal mummy
  8297 | D        | Killed a royal mummy
  8553 | D        | Noticed a royal mummy
  8559 | D        | Killed a royal mummy
  8820 | D        | Noticed a Killer Klown
  8822 | D        | Noticed an Ice Fiend
  8833 | D        | Killed an Ice Fiend
  8844 | D        | Killed a Killer Klown
  8904 | D        | Noticed Khufu
  8905 | D        | Noticed a titan
  8921 | D        | Killed Khufu
  8922 | D        | Reached skill level 23 in Invocations
  8931 | D        | HP: 4/160 [titan (21)]
  8937 | D        | Killed a titan
  8996 | D        | Noticed Geryon
  9007 | D        | Killed Geryon
  9221 | D        | Noticed a curse toe
  9221 | D        | Noticed a titan
  9224 | D        | Noticed a titan
  9231 | D        | Killed a titan
  9233 | D        | Killed a curse toe
  9236 | D        | Killed a titan
  9290 | D        | Noticed Frederick
  9290 | D        | Noticed an Ice Fiend
  9290 | D        | Noticed a deep elf blademaster
  9292 | D        | Killed a deep elf blademaster
  9297 | D        | Killed an Ice Fiend
  9299 | D        | Killed Frederick
  9385 | D        | Noticed an electric golem
  9388 | D        | Killed an electric golem
  9390 | D        | Noticed an acid blob
  9392 | D        | Killed an acid blob
  9420 | D        | Noticed an electric golem
  9423 | D        | Killed an electric golem
  9528 | D        | Noticed Nikola
  9539 | D        | Killed Nikola
  9540 | D        | Noticed an Ice Fiend
  9548 | D        | Killed an Ice Fiend
  9549 | D        | Reached XP level 18. HP: 108/169 MP: 44/44
  9550 | D        | Noticed an Ice Fiend
  9553 | D        | Reached skill level 24 in Invocations
  9556 | D        | Killed an Ice Fiend
  9556 | D        | Noticed Cicuofig the pandemonium lord
  9578 | D        | Killed Cicuofig the pandemonium lord
  9624 | D        | Noticed a Brimstone Fiend
  9630 | D        | Killed a Brimstone Fiend
  9633 | D        | Noticed a curse toe
  9642 | D        | Killed a curse toe
  9680 | D        | Noticed an Ice Fiend
  9683 | D        | Killed an Ice Fiend
  9685 | D        | Found the +7 sceptre of Asmodeus
  9685 | D        | Noticed Asmodeus
  9685 | D        | Noticed an ancient lich
  9685 | D        | Noticed a Hell Sentinel
  9691 | D        | Killed an ancient lich
  9696 | D        | Killed a Hell Sentinel
  9720 | D        | Noticed a Brimstone Fiend
  9720 | D        | Killed from afar by a hellion

Illustrated notes

Levels and vault maps discovered:
D:        pitsprint [storerooms_1, entrance_room_1, metal_vault_1, armoury_3,
          mini_pit_1, grid_room_1, main_hall_1, silver_pit, the_coven_1,
          the_vestibule_1, steel_vault_4, golden_pit, hallway_of_sentries,
          crystal_vault_4, iron_vault_4, final_vault]

Skill      XL: |  1  2  3  4  5  6  7  8  9 10 11 12 13 14 15 16 17 18 |
---------------+-------------------------------------------------------+-----
Fighting       | 5 6 7 8 9 11 12 13 15 17 18 20 22 23 | 23.1
Short Blades   | 2 3 4 5 6 7 8 10 11 13 14 16 18 20 22 | 22.7
Long Blades    | 5 6 7 8 9 11 12 13 15 17 18 20 22 23 | 23.1
Axes           | 2 3 4 5 6 7 8 10 11 13 14 16 18 20 22 | 22.7
Maces & Flails | 2 3 4 5 6 7 8 10 11 13 14 16 18 20 22 | 22.7
Polearms       | 2 3 4 5 6 7 8 10 11 13 14 16 18 20 22 | 22.7
Staves         | 2 3 4 5 6 7 8 10 11 13 14 16 18 20 22 | 22.7
Ranged Weapons | 2 3 4 5 6 7 8 10 11 13 14 16 18 20 22 | 22.7
Throwing       | 3 4 5 6 8 9 10 11 13 14 16 18 20 22 | 22.8
Armour         | 3 4 5 6 8 9 10 11 13 14 16 18 20 22 | 22.8
Dodging        | 5 6 7 8 9 11 12 13 15 17 18 20 22 23 | 23.1
Stealth        | 2 3 4 5 6 7 8 10 11 13 14 16 18 20 22 | 22.7
Shields        | 2 3 4 5 6 7 8 10 11 13 14 16 18 20 22 | 22.7
Unarmed Combat | 2 3 4 5 6 7 8 10 11 13 14 16 18 20 22 | 22.7
Spellcasting   | 5 6 7 8 9 10 11 12 13 15 17 18 20 22 23 | 23.1
Conjurations   | 2 3 4 5 6 7 8 9 11 12 14 15 17 19 | 19.5
Hexes          | 2 3 4 5 6 7 8 9 11 12 14 15 17 19 | 19.5
Summonings     | 2 3 4 5 6 7 8 9 11 12 14 15 17 19 | 19.5
Necromancy     | 2 3 4 5 6 7 8 9 11 12 14 15 17 19 | 19.5
Transmutations | 2 3 4 5 6 7 8 9 11 12 14 15 17 19 | 19.5
Fire Magic     | 2 3 4 5 6 7 8 9 11 12 14 15 17 19 | 19.5
Ice Magic      | 2 3 4 5 6 7 8 9 11 12 14 15 17 19 | 19.5
Air Magic      | 2 3 4 5 6 7 8 9 11 12 14 15 17 19 | 19.5
Earth Magic    | 2 3 4 5 6 7 8 9 11 12 14 15 17 19 | 19.5
Poison Magic   | 2 3 4 5 6 7 8 9 11 12 14 15 17 19 | 19.5
Invocations    | 2 4 5 7 8 9 10 12 14 15 17 19 21 23 24 | 24.5
Evocations     | 2 3 4 5 6 7 8 10 11 13 14 16 18 20 22 | 22.7
Translocations | 6 7 8 9 10 11 12 13 14 16 18 19 20 | 20.1

Action                   |  1- 3 |  4- 6 |  7- 9 | 10-12 | 13-15 | 16-18 || total
-------------------------+-------+-------+-------+-------+-------+-------++-------
Melee: Falchion          |     2 |    17 |       |       |       |       ||    19
       Bite              |       |     2 |     3 |    22 |    43 |    86 ||   156
       Long sword        |       |    23 |    15 |       |    11 |       ||    49
       Punch             |       |       |     1 |    13 |    11 |       ||    25
       Scimitar          |       |       |    24 |   133 |    18 |       ||   175
       Broad axe         |       |       |       |     4 |       |       ||     4
       Morningstar       |       |       |       |       |    62 |       ||    62
       Lajatang          |       |       |       |       |   268 |   380 ||   648
 Fire: Arbalest          |       |       |       |       |     4 |       ||     4
 Cast: Manifold Assault  |       |       |     5 |       |     5 |       ||    10
       Blink             |       |       |       |     1 |     2 |       ||     3
       Vhi's Electric Ch |       |       |       |       |     1 |       ||     1
       Polar Vortex      |       |       |       |       |       |     1 ||     1
Invok: Bend Time         |       |     1 |       |       |       |       ||     1
       Slouch            |       |     1 |     6 |    23 |    51 |    25 ||   106
       Temporal Distorti |       |       |       |     1 |       |       ||     1
Evoke: Tin of tremorston |       |       |       |       |       |     1 ||     1
  Use: Potion            |     1 |     2 |     1 |    10 |     8 |     9 ||    31
       Scroll            |       |       |       |     3 |     8 |       ||    11
 Stab: Sleeping          |       |     3 |     1 |     3 |     2 |    27 ||    36
       Invisible         |       |       |       |     6 |       |       ||     6
       Distracted        |       |       |       |       |     6 |     3 ||     9
Armor: Leather armour    |       |     2 |       |     1 |       |       ||     3
       Troll leather arm |       |       |       |    21 |    92 |    83 ||   196
Dodge: Dodged            |     1 |    30 |    23 |   188 |   549 |   359 ||  1150

Table legend: (Time is in decaauts) A = Elapsed time spent in this place. B = Non-inter-level travel time spent in this place. C = Inter-level travel time spent in this place. D = Time resting spent in this place. E = Time spent auto-exploring this place. F = Levels seen in this place. G = Mean time per level. A B C D E F G +--------+--------+--------+--------+--------+-----+--------+ Total | 12021 | 11698 | 323 | 5625 | 0 | 1 | 12021.0 | Dungeon | 12021 | 11698 | 323 | 5625 | 0 | 1 | 12021.0 | +--------+--------+--------+--------+--------+-----+--------+

Top non-repeatable levels by time:
       D: 12021 daAuts
